 Dungeon Crawl Stone Soup version 0.26.1-11-gd32895ea62 (webtiles) character file.

Game seed: 324098989527157426

39 AuftragZ the Conjurer (level 3, -1/26 HPs)
             Began as a Draconian Conjurer on Apr 30, 2021.
             Slain by a gnoll
             ... wielding a +0 flail
              (10 damage)
             ... on level 2 of the Dungeon.
             The game lasted 00:04:48 (1364 turns).

AuftragZ the Conjurer (Draconian Conjurer)          Turns: 1364, Time: 00:04:49

Health: -1/26      AC:  5    Str:  9    XL:     3   Next: 26%
Magic:  0/6        EV: 12    Int: 19    God:
Gold:   64         SH:  0    Dex:  9    Spells: 3/6 levels left

rFire    . . .     SeeInvis .   d - +0 club
rCold    . . .     Faith    .   (no shield)
rNeg     . . .     Spirit   .   (armour unavailable)
rPois    .         Reflect  .   (helmet restricted)
rElec    .         Harm     .   (no cloak)
rCorr    .         Rampage  .   (no gloves)
Will     .....                  (no boots)
Stlth    ++........             (no amulet)
HPRegen  0.08/turn              (no ring)
MPRegen  0.10/turn              (no ring)

@: no status effects
A: unfitting armour, cold-blooded, AC +5
a: no special abilities


You were on level 2 of the Dungeon.
You visited 1 branch of the dungeon, and saw 2 of its levels.

You collected 64 gold pieces.

Inventory:

Hand Weapons
 d - a +0 club (weapon)
Potions
 a - a potion of heal wounds {unknown}
 b - a potion of brilliance {unknown}
 c - 2 potions of curing {unknown}
 e - a potion of lignification {unknown}


   Skills:
 + Level 2.0 Dodging
 + Level 1.9 Stealth
 + Level 0.4 Unarmed Combat
 + Level 2.2 Spellcasting
 + Level 4.7 Conjurations


You had 3 spell levels left.
You knew the following spells:

 Your Spells              Type           Power        Failure   Level
a - Magic Dart            Conj           80%          2%          1
b - Searing Ray           Conj           40%          3%          2

Your spell library contained the following spells:

 Spells                   Type           Power        Failure   Level
 Dazzling Flash           Conj/Hex       22%          19%         3
 Fulminant Prism          Conj/Hex       5%           52%         4
 Iskenderun's Mystic Bla  Conj/Tloc      11%          52%         4


Dungeon Overview and Level Annotations

Branches:
Dungeon (2/15)

Altars:


Innate Abilities, Weirdness & Mutations

Your plain brown scales are hard. (AC +5)
You cannot fit into any form of body armour.
You are cold-blooded and may be slowed by cold attacks.


Message History

Aim: a gnoll, wielding a +0 flail (19% to evade)
The searing ray misses the gnoll.
The searing ray hits the gnoll!
The gnoll is heavily wounded. (Press . to maintain the ray.) Without enough magic to sustain it, your searing ray dissipates.
The gnoll hits you but does no damage.
You closely miss the gnoll. The gnoll closely misses you.
You hit the gnoll.
The gnoll is moderately wounded.
The gnoll hits you with a +0 flail.
You hit the gnoll but do no damage.
The gnoll is moderately wounded.
The gnoll hits you with a +0 flail.
You closely miss the gnoll.
The gnoll is moderately wounded.
The gnoll hits you with a +0 flail.
You hit the gnoll.
The gnoll is moderately wounded.
The gnoll hits you with a +0 flail!
You die...

#.# ...#
#######.#+###†g.###
#<..........'.....#
#...........#...#.#
#........(..# ..#
#.........g.# .#
#...........# ..
#...........##########
#............ggg@....#
#.......)...########.#
#######.###.########.#
#.# #..........# #.#
############ #.# #.#
#.# #.#


You could see 3 gnolls.

Vanquished Creatures
  A gnoll (D:2)
  A dart slug (D:1)
  5 giant cockroaches (D:1)
  A goblin (D:1)
  4 hobgoblins (D:1)
  4 kobolds
  6 bats
  A frilled lizard (D:1)
  3 rats (D:1)
26 creatures vanquished.

Notes
Turn   | Place    | Note
-------+----------+-------------------------------------------
     0 | D:1      | AuftragZ the Draconian Conjurer began the quest for the
                  | Orb.
     0 | D:1      | Reached XP level 1. HP: 14/14 MP: 3/3
   306 | D:1      | Reached XP level 2. HP: 20/20 MP: 0/5
   924 | D:1      | Learned a level 2 spell: Searing Ray
  1339 | D:2      | Reached XP level 3. HP: 26/26 MP: 2/6
  1364 | D:2      | Slain by a gnoll

Illustrated notes

Levels and vault maps discovered:
D:1:      dpeg_arrival_solitude, layout_basic
D:2:      layout_basic, uniq_sigmund, uniq_crazy_yiuf_cottage, uniq_jessica

Skill      XL: |  1  2 |
---------------+-------+-----
Dodging        | 2 |  2.0
Stealth        | |  1.9
Unarmed Combat | |  0.4
Spellcasting   | |  2.2
Conjurations   | |  4.7

Action                   || total
-------------------------++-------
Melee: Unarmed           ||    25
       Tailslap          ||     3
       Club              ||     5
 Cast: Magic Dart        ||    45
       Searing Ray       ||     3
Armor: Skin              ||    14
Dodge: Dodged            ||    29
